 Dungeon Crawl Stone Soup version 0.20.1-1-g8b1a95d (webtiles) character file.

105 digijack the Grasshopper (level 4, -4/22 HPs)
             Began as a Spriggan Wanderer on Jan 2, 2018.
             Slain by a howler monkey (5 damage)
             ... on level 4 of the Dungeon.
             The game lasted 00:12:52 (2406 turns).

digijack the Grasshopper (Spriggan Wanderer)        Turns: 2406, Time: 00:12:53

Health: -4/22      AC:  2    Str:  6    XL:     4   Next: 54%
Magic:  9/9        EV: 18    Int: 16    God:
Gold:   95         SH:  0    Dex: 15    Spells: 8/8 levels left

rFire    . . .     SeeInvis +   a - +3 dagger
rCold    . . .     Gourm    .   (shield restricted)
rNeg     . . .     Faith    .   e - +0 robe
rPois    .         Spirit   .   (helmet restricted)
rElec    .         Reflect  .   (no cloak)
rCorr    .         Harm     .   (gloves unavailable)
MR       .....                  (boots unavailable)
Stlth    ++++......             h - amulet of magic regeneration
Regen    0.1/turn               c - ring of stealth
MPRegen  0.2/turn               (no ring)

@: very quick
A: unfitting armour, see invisible, herbivore 3, speed 3, slow metabolism 2
a: no special abilities


You were on level 4 of the Dungeon.
You were not hungry.

You visited 1 branch of the dungeon, and saw 4 of its levels.

You collected 95 gold pieces.

Inventory:

Hand Weapons
 a - a +3 dagger (weapon)
Armour
 e - a +0 robe (worn)
Jewellery
 c - a ring of stealth (left hand)
 h - an amulet of magic regeneration (around neck)
Scrolls
 g - 2 scrolls of identify
Potions
 b - a potion of haste
 d - a potion of ambrosia
Comestibles
 f - a bread ration
 j - a royal jelly


   Skills:
 + Level 1.3 Fighting
 + Level 2.1 Short Blades
 + Level 2.6 Dodging
 * Level 5.0 Stealth
 - Level 2.6 Spellcasting
   Level 1.2 Hexes
   Level 1.5 Charms
   Level 5.8 Translocations


You had 8 spell levels left.
You didn't know any spells.

Dungeon Overview and Level Annotations

Branches:
Dungeon (4/15)
 Temple: D:4-7

Altars:
Elyvilon
Fedhas

Annotations:
D:3 Tenz's ghost, amateur GrMo


Innate Abilities, Weirdness & Mutations

You are very small and have problems with some larger weapons.
You are too small for most types of armour.
You have supernaturally acute eyesight. (SInv)
You are a herbivore.
You cover ground extremely quickly.
You need consume almost no food.


Message History

Found 9 gold pieces.
The quokka twitches its whiskers.
The orc wizard casts a spell at you. The magic dart hits you!
* * * LOW HITPOINT WARNING * * *
The howler monkey hoots and howls with incredible vigour!
You hit the quokka.
The quokka is moderately wounded.
The quokka completely misses you.
You hit the quokka.
You kill the quokka!
The howler monkey barely misses you.
You hit the howler monkey.
The howler monkey is heavily wounded.
The howler monkey hits you.
* * * LOW HITPOINT WARNING * * *
You hit the howler monkey.
The howler monkey is severely wounded.
The howler monkey hits you.
You die...

.###. .... #...
###... #...$#
....# #..# #@#
##h# #.o# ###So##
######.....###.
##......o.......#
#..............##
##.......#######
##.S..###


You could see a howler monkey, an orc priest, 2 orc wizards and an adder.

Vanquished Creatures
  4 adders
  A worm (D:3)
  2 dart slugs
  2 leopard geckos
  2 orcs (D:3)
  2 giant cockroaches (D:1)
  10 goblins
  9 hobgoblins
  5 kobolds
  2 quokkas
  2 ball pythons
  8 bats
  3 frilled lizards (D:1)
  5 rats
57 creatures vanquished.

Notes
Turn   | Place    | Note
-------+----------+-------------------------------------------
     0 | D:1      | digijack the Spriggan Wanderer began the quest for the Orb.
     0 | D:1      | digijack set off with: a +2 dagger, a potion of haste, Sif Muna's Papyrus of Displacement, a potion of curing, a +0 robe, a bread ration
     0 | D:1      | Reached XP level 1. HP: 9/9 MP: 5/5
   156 | D:1      | Reached skill level 1 in Dodging
   236 | D:1      | Reached XP level 2. HP: 13/13 MP: 6/6
   780 | D:1      | Reached skill level 1 in Short Blades
   941 | D:2      | Reached XP level 3. HP: 17/17 MP: 8/8
  1044 | D:2      | Reached skill level 1 in Fighting
  1211 | D:2      | Found a blossoming altar of Fedhas.
  1393 | D:3      | Noticed Tenz's ghost (amateur GrMo)
  1697 | D:3      | Found a white marble altar of Elyvilon.
  1720 | D:3      | Reached XP level 4. HP: 15/22 MP: 9/9
  2015 | D:3      | Reached skill level 5 in Stealth
  2405 | D:4      | HP: 1/22 [howler monkey (5)]
  2406 | D:4      | Slain by a howler monkey

Skill      XL: |  1  2  3  4 |
---------------+-------------+-----
Dodging        | 1 2 |  2.6
Stealth        | 4 5 |  5.0
Short Blades   | 1 2 |  2.1
Fighting       | 1 |  1.3
Spellcasting   | |  2.6
Hexes          | |  1.2
Charms         | |  1.5
Translocations | |  5.8

Action                   |  1- 3 |  4- 6 || total
-------------------------+-------+-------++-------
Melee: Dagger            |   125 |    44 ||   169
  Use: Potion            |     5 |       ||     5
       Scroll            |     9 |       ||     9
 Stab: Sleeping          |    12 |       ||    12
       Distracted        |     1 |       ||     1
Armor: Robe              |     7 |     2 ||     9
Dodge: Dodged            |    82 |    33 ||   115
